 Dungeon Crawl Stone Soup version 0.13-b1-32-g21a608e (webtiles) character file.

183 Lilouch the Skirmisher (level 4, -2/40 HPs)
             Began as a Minotaur Fighter on Oct 6, 2013.
             Killed by divine providence
             ... invoked by an orc priest
              (14 damage)
             ... on Level 3 of the Dungeon.
             The game lasted 00:14:09 (1247 turns).

Lilouch the Skirmisher (Minotaur Fighter)           Turns: 1247, Time: 00:14:09

HP  -2/40        AC  7     Str 22      XL: 4   Next: 77%
MP   1/1         EV  7     Int  5      God:
Gold 62          SH 19     Dex  9      Spells:  0 memorised,  3 levels left

Res.Fire  : . . .   See Invis. : .   a - +0 hand axe {=f}
Res.Cold  : . . .   Warding    : .   b - +0 scale mail
Life Prot.: . . .   Conserve   : .   c - +0 shield
Res.Poison: .       Res.Corr.  : .   (helmet restricted)
Res.Elec. : .       Clarity    : .   (no cloak)
Sust.Abil.: . .     Spirit.Shd : .   (no gloves)
Res.Mut.  : .       Stasis     : .   (no boots)
Res.Rott. : .       Flight     : .   (no amulet)
Saprovore : . . .                    (no ring)
                                     (no ring)

@: slightly resistant to hostile enchantments, extremely unstealthy
A: retaliatory headbutt, horns 2
a: no special abilities


You were on level 3 of the Dungeon.
You were not hungry.

You visited 1 branch of the dungeon, and saw 3 of its levels.

You collected 42 gold pieces.

Inventory:

Hand weapons
 a - a +0,+0 hand axe (weapon) {=f}
 p - a +0,+0 short sword
 r - a +4,+0 elven sabre
Missiles
 i - a steel dart (quivered)
 l - 42 stones
 F - 2 darts
Armour
 b - a +0 scale mail (worn)
 c - a +0 shield (worn)
Comestibles
 d - 2 bread rations
 f - a rotting chunk of quokka flesh
 v - a rotting chunk of rat flesh
 w - a rotting chunk of ball python flesh
 x - a rotting chunk of giant gecko flesh
 z - a rotting chunk of adder flesh
 A - a rotting chunk of goblin flesh
 B - a rotting chunk of adder flesh
 C - a chunk of giant gecko flesh
Scrolls
 g - a scroll of enchant weapon I {unknown}
 k - 2 scrolls of recharging {unknown}
 m - 2 scrolls of enchant weapon II {unknown}
 q - a scroll of noise {unknown}
 E - a scroll of identify {unknown}
Jewellery
 n - a cursed ring of flight {unknown}
 t - an uncursed ring of sustenance {unknown}
 u - a cursed -2 ring of intelligence {unknown}
 y - an uncursed ring of flight {unknown}
Potions
 e - a potion of restore abilities {unknown}
 h - a potion of agility {unknown}
 o - a potion of confusion {unknown}
 s - a potion of curing {unknown}
 D - a potion of magic {unknown}


   Skills:
 + Level 4.8 Fighting
 + Level 3.2 Axes
 + Level 4.4 Armour
 - Level 0.2 Dodging
 + Level 4.7 Shields


You had 3 spell levels left.
You didn't know any spells.

Dungeon Overview and Level Annotations

Branches:
Dungeon (3/27)

Altars:
Kikubaaqudgha
Xom


Innate Abilities, Weirdness & Mutations

You reflexively headbutt those who attack you in melee.
You have a pair of horns on your head.


Message History

The orc priest is heavily wounded.
You block the orc priest's attack.
You hit the orc priest. You headbutt the orc priest.
The orc priest is severely wounded.
The orc priest glows brightly for a moment.
You hit the orc priest but do no damage.
Your headbutt misses the orc priest.
The orc priest is severely wounded.
The orc priest hits you but does no damage.
You hit the orc priest.
The orc priest is severely wounded.
The orc priest hits you but does no damage.
You hit the orc priest.
The orc priest is severely wounded.
You block the orc priest's attack.
You hit the orc priest but do no damage.
The orc priest is severely wounded.
The orc priest mumbles some strange prayers to Beogh against you.
Something smites you!
You die...

## #.# #.#######
#....o.#
#...#...#@# #.
##..#.# ### #
#.#o#.###.## ..
##.##S#......#
#.#.###.#####.##
##.##....o.##.##.##
.........### #....#
............###...#
#.....o...#...#..#


You could see an orc priest.

Vanquished Creatures
  An orc wizard (D:3)
  A gnoll (D:1)
  5 adders
  3 giant geckos
  2 ball pythons
  6 goblins
  A hobgoblin (D:2)
  5 jackals
  2 quokkas (D:2)
  3 bats (D:1)
  5 kobolds
  5 rats
39 creatures vanquished.

Notes
Turn   | Place    | Note
--------------------------------------------------------------
     0 | D:1      | Lilouch, the Minotaur Fighter, began the quest for the Orb.
     0 | D:1      | Reached XP level 1. HP: 19/19 MP: 0/0
   167 | D:1      | Reached skill level 4 in Fighting
   167 | D:1      | Reached XP level 2. HP: 27/27 MP: 0/0
   410 | D:1      | Reached XP level 3. HP: 33/33 MP: 1/1
   715 | D:2      | Found a shimmering altar of Xom.
   850 | D:2      | Found an ancient bone altar of Kikubaaqudgha.
   964 | D:2      | Reached XP level 4. HP: 40/40 MP: 1/1
  1247 | D:3      | Killed from afar by an orc priest

Action                   |  1- 3 |  4- 6 || total
-------------------------+-------+-------++-------
Melee: Hand axe          |    73 |    44 ||   117
